Unix NetHack Version 5.0.0-0 post-release - last build Jul 14 2026 02:55:29 (1809b74e8187c3a3585e283601c3028b46cbbdcb,branch:main).

Game began 2026-07-18 03:54:13, ended 2026-07-18 05:10:09.

1234561, lawful female human Valkyrie

                                                                        -----
                                                                       --.|.--
                                                                       |%....|
                                                                       |%....
                                                                      --....-
                                                                      |.....
                                                                      |....
                                                                    ---...-
                                                                    |...%.|
                                                                    |....@-
                                                                    --......-
                                                                     |.......|
                                                                     -.......|
                                                                     ..)..----
                                                                    ......|
                                                                   *...----
                                                                 ...`..
                                                                .......
                                                               ----...
                                                                  ----

1234561 the Stripling       St:18 Dx:14 Co:18 In:8 Wi:8 Ch:9  Lawful
Dlvl:3  $:13 HP:23(23) Pw:6(6) AC:5  Xp:2 T:1064 

Latest messages:
 You descend the stairs.
 You climb up the stairs.
 You descend the stairs.
 You climb up the stairs.
 You swap places with your kitten.
 The kitten misses the newt.
 The kitten bites the newt.
 The newt is killed!
 You descend the stairs.
 The kitten misses the dwarf.
 The kitten misses the dwarf.
 You swap places with your kitten.
 The dwarf wields a dagger!
 You hit the dwarf.
 You miss the dwarf.
 Click!  The hobbit triggers something.
 The boulder hits the hobbit!
 The hobbit is killed!
 The dwarf thrusts his dagger.
 The dwarf hits!
 The gnome hits!
 What do you want to eat? [di or ?*] e
 You cannot eat that!
 You swap places with your kitten.
 The kitten bites the dwarf.
 The dwarf thrusts his dagger at the kitten.
 The dwarf misses the kitten.
 You climb up the stairs.
 You descend the stairs.
 The kitten bites the gnome.
 You swap places with your kitten.
 The kitten bites the dwarf.
 The dwarf thrusts his dagger at the kitten.
 The dwarf hits the kitten.
 The kitten is killed!
 The gnome just misses!
 You kill the dwarf!
 Welcome to experience level 2.
 The gnome misses!
 You kill the gnome!
 You see here a gnome corpse.
 l - a gnome corpse.
 There is a branch staircase up to the Dungeons of Doom here.
 You see here a kitten corpse.
 Really quit without saving? [yn] (n) y
 Do you want your possessions identified? [ynq] (y) y
 Do you want to see your attributes? [ynq] (y) y
 Do you want an account of creatures vanquished? [ynaq] (y) y
 Do you want to see your conduct and achievements? [ynq] (y) y
 Do you want to see the dungeon overview? [ynq] (y) n

Inventory:
 Coins    ('$')
  $ - 13 gold pieces
 Weapons  (')')
  b - a +0 dagger (alternate weapon; not wielded)
  a - a +1 spear
 Armor    ('[')
  g - an uncursed +0 orcish helm (being worn)
  c - an uncursed +3 small shield (being worn)
 Comestibles  ('%')
  d - 2 uncursed food rations
  l - an uncursed gnome corpse
  i - an uncursed lichen corpse
 Potions  ('!')
  j - an uncursed potion of invisibility
 Gems/Stones  ('*')
  e - an uncursed worthless piece of orange glass

1234561 the Valkyrie's attributes:

Background:
 You were a Stripling, a level 2 human Valkyrie.
 You were lawful, nominally on a mission for Tyr
 who was opposed by Odin (neutral) and Loki (chaotic).
 You were right-handed.
 You were in the Gnomish Mines, on level 3.
 You entered the dungeon 1064 turns ago.
 It was nighttime.
 You had 31 experience points, 9 more were needed to attain level 3.

Basics:
 You had all 23 hit points.
 You had all 6 energy points (spell power).
 Your armor class was 5.
 Your wallet contained 13 zorkmids.
 Autopickup was off.

Final Characteristics:
 Your strength was 18 (limit:18/100).
 Your dexterity was 14 (limit:18).
 Your constitution was 18 (limit:18).
 Your intelligence was 8 (limit:18).
 Your wisdom was 8 (limit:18).
 Your charisma was 9 (limit:18).

Final Status:
 You weren't hungry.
 You were unencumbered.
 You were bare handed.
 You were unskilled in bare handed combat.

Final Attributes:
 You were devoutly aligned.
 You were cold resistant.
 You survived.

Miscellaneous:
 You didn't encounter any bones levels.
 Total elapsed playing time was 1 hour, 15 minutes and 53 seconds.

Major events:
 Turn
    1: 1234561 the lawful human Valkyrie entered the dungeon
  997: entered the Gnomish Mines
 1064: quit

You didn't know any spells.

Skills:
 Fighting Skills
   bare handed combat [Unskilled]
   two weapon combat  [Unskilled]
   riding             [Unskilled]
 Weapon Skills
   dagger             [Basic]
   axe                [Unskilled]
   pick-axe           [Unskilled]
   short sword        [Unskilled]
   broadsword         [Unskilled]
   long sword         [Unskilled]
   two-handed sword   [Unskilled]
   saber              [Unskilled]
   hammer             [Unskilled]
   quarterstaff       [Unskilled]
   polearms           [Unskilled]
   spear              [Basic]
   trident            [Unskilled]
   lance              [Unskilled]
   sling              [Unskilled]
 Spellcasting Skills
   attack spells      [Unskilled]
   escape spells      [Unskilled]

Voluntary challenges:
 Character rerolling was not enabled.
 You followed a strict vegan diet.
 You were an atheist.
 You were illiterate.
 You never genocided any monsters.
 You never polymorphed an object.
 You never changed form.
 You used no wishes.
Achievements:
 You entered a shop.
 You entered the Gnomish Mines.

 The Dungeons of Doom: levels 1 to 3
    Level 1:
       A fountain, a sink.
    Level 2:
       A food shop.
       Stairs down to The Gnomish Mines.
    Level 3:
       A fountain.
 The Gnomish Mines:
    Level 3: <- You were here.


Vanquished creatures:
  a kitten
  a dwarf
  a hobbit
  a gnome
  a jackal
  a fox
  a goblin
  a grid bug
  a lichen
  2 kobold zombies
  5 newts
16 creatures vanquished.

No species were genocided or became extinct.

Farvel 1234561 the Valkyrie...

You quit in The Gnomish Mines on dungeon level 3 with 237 points,
and 13 pieces of gold, after 1064 moves.
You were level 2 with a maximum of 23 hit points when you quit.

